 Dungeon Crawl Stone Soup version 0.23-a0-395-gcf17ac6 (webtiles) character file.

170 Dawnplanks the Cudgeler (level 5, -4/47 HPs)
             Began as a Minotaur Berserker on Nov 2, 2018.
             Was a Believer of Trog.
             Killed by nerve-wracking pain
             ... invoked by Grinder
              (9 damage)
             ... while paralysed by Grinder
             ... on level 3 of the Dungeon.
             The game lasted 00:04:19 (1862 turns).

Dawnplanks the Cudgeler (Minotaur Berserker)        Turns: 1862, Time: 00:04:20

Health: -4/47      AC:  6    Str: 22    XL:     5   Next: 26%
Magic:  4/4        EV:  2    Int:  4    God:    Trog [**....]
Gold:   107        SH:  0    Dex: 10    Spells: 4/4 levels left

rFire    . . .     SeeInvis .   a - +0 mace
rCold    . . .     Gourm    .   (no shield)
rNeg     . . .     Faith    .   i - +0 scale mail
rPois    .         Spirit   .   (helmet restricted)
rElec    .         Reflect  .   (no cloak)
rCorr    .         Harm     .   (no gloves)
MR       .....                  (no boots)
Stlth    ..........             k - amulet of the acrobat
HPRegen  0.15/turn              (no ring)
MPRegen  0.09/turn              (no ring)

@: paralysed, glowing
A: retaliatory headbutt, horns 2
a: Berserk, Trog's Hand, Renounce Religion


You were on level 3 of the Dungeon.
You worshipped Trog.
Trog was pleased with you.
You were not hungry.

You visited 1 branch of the dungeon, and saw 3 of its levels.

You collected 107 gold pieces.

Inventory:

Hand Weapons
 a - a +0 mace (weapon)
Armour
 i - a +0 scale mail (worn)
Jewellery
 k - an amulet of the acrobat (around neck)
Scrolls
 b - a scroll of noise {unknown}
 e - 2 scrolls of teleportation {unknown}
 g - a scroll of amnesia {unknown}
 h - a scroll of remove curse {unknown}
 m - 2 scrolls of enchant weapon {unknown}
 o - a scroll of immolation {unknown}
Potions
 d - a potion of ambrosia {unknown}
 f - a potion of mutation {unknown}
 n - a potion of heal wounds {unknown}
Comestibles
 c - 5 rations
 l - 2 chunks of flesh


   Skills:
 + Level 4.8 Fighting
 + Level 5.5 Maces & Flails
 + Level 3.1 Armour
 + Level 3.1 Dodging


You had 4 spell levels left.
You didn't know any spells.
Your spell library was empty.

Dungeon Overview and Level Annotations

Branches:
Dungeon (3/15)

Altars:
Ashenzari
Gozag
Nemelex Xobeh
Xom
Yredelemnul
Zin

Annotations:
D:3 Grinder


Innate Abilities, Weirdness & Mutations

You reflexively headbutt those who attack you in melee.
You have a pair of horns on your head.


Message History

Grinder gestures at you. Pain shoots through your body!
You are too injured to fight recklessly!
You are too injured to fight recklessly!
You are too injured to fight recklessly!
You hit Grinder but do no damage. You headbutt Grinder.
Grinder is severely wounded.
Grinder gestures at you.
You suddenly lose the ability to move!
The angel lectures the ground at length about keeping your body clean and pure.
Grinder hits you.
* * * LOW HITPOINT WARNING * * *
You writhe in agony.
* * * LOW HITPOINT WARNING * * *
Grinder hits you.
* * * LOW HITPOINT WARNING * * *
Grinder hits you but does no damage. x3
Grinder gestures at you. Pain shoots through your body!
You die...

####### ####.....##
##.........#
#..........#
#..#####...#
#..#...#5..# .
#._#...#_@.## ##.
#.[#..A#.....(.# #..
#..#####........##.####
#.........#...%.......#
#
#........##.....##.##.#
.# #.#.....##
#...###.##.##.#
#.......#
######.......#
####..)###
#.........### #.......#
#.######..#


You could see an angel (confused) and Grinder.

Vanquished Creatures
  A howler monkey (D:2)
  A hound (D:2)
  Jessica (D:3)
  3 adders
  2 worms
  2 leopard geckos (D:2)
  A ball python (D:2)
  3 giant cockroaches
  3 goblins
  6 hobgoblins
  7 bats
  4 frilled lizards
  6 kobolds
  2 rats (D:1)
  A spectral orc (D:2)
  2 toadstools (D:1)
45 creatures vanquished.

Vanquished Creatures (others)
  2 toadstools (D:1)
2 creatures vanquished.

Grand Total: 47 creatures vanquished

Notes
Turn   | Place    | Note
-------+----------+-------------------------------------------
     0 | D:1      | Dawnplanks the Minotaur Berserker began the quest for the
                  | Orb.
     0 | D:1      | Reached XP level 1. HP: 19/19 MP: 0/0
    90 | D:1      | Reached skill level 4 in Maces & Flails
   164 | D:1      | Reached XP level 2. HP: 27/27 MP: 1/1
   899 | D:2      | Reached XP level 3. HP: 32/33 MP: 2/2
   906 | D:2      | Found a faded altar of an unknown god.
  1267 | D:2      | Found a shattered altar of Ashenzari.
  1369 | D:2      | Reached XP level 4. HP: 40/41 MP: 3/3
  1375 | D:2      | Reached ** piety under Trog
  1493 | D:2      | Found a basalt altar of Yredelemnul.
  1588 | D:2      | Found a sparkling altar of Nemelex Xobeh.
  1589 | D:2      | Found an opulent altar of Gozag.
  1686 | D:2      | Reached skill level 5 in Maces & Flails
  1763 | D:3      | Noticed Jessica
  1766 | D:3      | Killed Jessica
  1766 | D:3      | Reached XP level 5. HP: 47/47 MP: 4/4
  1829 | D:3      | Found a shimmering altar of Xom.
  1829 | D:3      | Found a glowing silver altar of Zin.
  1829 | D:3      | Noticed an angel
  1849 | D:3      | Noticed Grinder
  1856 | D:3      | Paralysed by Grinder for 7 turns
  1862 | D:3      | Killed from afar by Grinder

Vault maps used:
D:1:      ldierk_water_garden, minmay_splitting_lines, roderic_roman_lattice,
          chequers_serial_rivers_micro_c
D:2:      grunt_temple_overflow_opulence, yredelemnul_forgotten_temple_becter,
          nicolae_ashenzari_panopticon, chequers_ecumenical_altar_grove,
          minmay_pentomino_u4
D:3:      grunt_temple_overflow_order_and_chaos_1, uniq_crazy_yiuf_cottage,
          uniq_jessica, uniq_grinder

Skill      XL: |  1  2  3  4 |
---------------+-------------+-----
Maces & Flails | 4 5 |  5.5
Fighting       | 4 |  4.8
Armour         | 3 |  3.1
Dodging        | 3 |  3.1

Action                   |  1- 3 |  4- 6 || total
-------------------------+-------+-------++-------
Melee: Mace              |    44 |    27 ||    71
       Headbutt          |     3 |     8 ||    11
Throw: Javelin           |       |     3 ||     3
 Stab: Sleeping          |     1 |       ||     1
  Eat: Chunk             |     1 |     2 ||     3
Armor: Animal skin       |     5 |       ||     5
       Scale mail        |       |     6 ||     6
Dodge: Dodged            |    32 |     8 ||    40

Table legend:
 A = Non-vault XP
 B = Vault XP
 C = Vault XP percentage of total XP
 D = Non-vault monster count
 E = Vault monster count
 F = Vault count percentage of total count
                 A         B        C        D         E       F
            +---------+---------+-------+---------+---------+-------
      Total |     201 |      43 |  17.6 |      38 |       5 |  11.6
            +---------+---------+-------+---------+---------+-------
        D:1 |      27 |       0 |   0.0 |      18 |       0 |   0.0
        D:2 |     155 |       6 |   3.7 |      18 |       4 |  18.2
        D:3 |      19 |      37 |  66.1 |       2 |       1 |  33.3
            +---------+---------+-------+---------+---------+-------
